BR (22 & UNDER)
PUNTA CANA HUTIAS @ AMITY GARDENS WESTERNERS
08/12/2029
 
TOP OF THE 1ST
Punta Cana Hutias batting - Pitching for Amity Gardens Westerners : RHP Raúl Letona
Pitching: RHP Raúl Letona
Batting: LHB Dave Watkins 0-0: SINGLE (Groundball, 56S) (infield hit)
Batting: LHB Luis García 0-0: Ball
1-0: Foul Ball, location: 2F
1-1: Called Strike
1-2: Ball
2-2: Foul Ball, location: 2F
2-2: Foul Ball, location: 2F
2-2: Foul Ball, location: 2F
2-2: Fly out, F7 (Flyball, 78M)
Batting: LHB Norberto Garza 0-0: Called Strike
0-1: Swinging Strike
0-2: Ball
1-2: Strikes out looking
Batting: RHB Mike Martínez 0-0: Ball
1-0: Foul Ball, location: 2F
1-1: Called Strike
1-2: Foul Ball, location: 2F
1-2: Reached on error, E4 (Groundball, 4)
Dave Watkins to third
Batting: LHB Tony Ríos 0-0: Fly out, F7 (Flyball, 78D)
Top of the 1st over - 0 runs, 1 hit, 1 error, 2 left on base; Punta Cana 0 - Amity Gardens 0
BOTTOM OF THE 1ST
Amity Gardens Westerners batting - Pitching for Punta Cana Hutias : RHP Greg Woods
Pitching: RHP Greg Woods
Batting: RHB Pat Johnston 0-0: Ball
1-0: Called Strike
1-1: Foul Ball, location: 2F
1-2: Ball
2-2: Ground out 6-3 (Groundball, 6)
Batting: LHB Jack Mitchell 0-0: Ball
1-0: Called Strike
1-1: Ball
2-1: Swinging Strike
2-2: Ball
3-2: SINGLE (Line Drive, 56)
Batting: SHB Chris Barrett 0-0: Ball
1-0: Ball
2-0: Fly out, F9 (Flyball, 9S)
Batting: RHB Carlos Dumenigo 0-0: Ball
1-0: Foul Ball, location: 2F
1-1: Ball
2-1: Called Strike
2-2: Ball
Throwing error on steal attempt, E2
Jack Mitchell to third
3-2: Ground out 5-3 (Groundball, 56)
Bottom of the 1st over - 0 runs, 1 hit, 1 error, 1 left on base; Punta Cana 0 - Amity Gardens 0
TOP OF THE 2ND
Punta Cana Hutias batting - Pitching for Amity Gardens Westerners : RHP Raúl Letona
Batting: LHB Don MacNeill 0-0: Called Strike
0-1: Foul Ball, location: 2F
0-2: Ground out 5-3 (Groundball, 5)
Batting: RHB Ricardo Murillo 0-0: Ball
1-0: Called Strike
1-1: Swinging Strike
1-2: Ground out 6-3 (Groundball, 6MD)
Batting: RHB Alfredo Bernard 0-0: Ball
1-0: SOLO HOME RUN (Flyball, 7LD), Distance : 350 ft
Batting: LHB Jorge Ramírez 0-0: Ball
1-0: Fly out, F3 (Popup, 34)
Top of the 2nd over - 1 run, 1 hit, 0 errors, 0 left on base; Punta Cana 1 - Amity Gardens 0
BOTTOM OF THE 2ND
Amity Gardens Westerners batting - Pitching for Punta Cana Hutias : RHP Greg Woods
Batting: RHB Jonathon García 0-0: Called Strike
0-1: Fly out, F7 (Line Drive, 7S)
Batting: RHB Justin Tomlinson 0-0: Ball
1-0: Ball
2-0: Ball
3-0: Called Strike
3-1: SINGLE (Flyball, 8LS)
Batting: RHB Alfonso Flores 0-0: Ball
1-0: Foul Ball, location: 2F
1-1: Foul Ball, location: 2F
1-2: Strikes out swinging
Batting: RHB Jorge García 0-0: Swinging Strike
0-1: Ball
1-1: Ball
2-1: Foul Ball, location: 2F
2-2: Foul Ball, location: 2F
2-2: Fly out, F9 (Line Drive, 9D)
Bottom of the 2nd over - 0 runs, 1 hit, 0 errors, 1 left on base; Punta Cana 1 - Amity Gardens 0
TOP OF THE 3RD
Punta Cana Hutias batting - Pitching for Amity Gardens Westerners : RHP Raúl Letona
Batting: LHB Dave Watkins 0-0: Ball
1-0: Foul Ball, location: 2F
1-1: Ball
2-1: Ground out 5-3 (Groundball, 56S)
Batting: LHB Luis García 0-0: Ball
1-0: Ball
2-0: Called Strike
2-1: Called Strike
2-2: Ball
3-2: Base on Balls
Batting: LHB Norberto Garza 0-0: Foul Ball, location: 2F
0-1: Swinging Strike
0-2: Ball
1-2: Ball
2-2: Strikes out swinging
Batting: RHB Mike Martínez 0-0: Ball
1-0: Ball
2-0: Called Strike
2-1: Foul Ball, location: 2F
2-2: Strikes out swinging
Top of the 3rd over - 0 runs, 0 hits, 0 errors, 1 left on base; Punta Cana 1 - Amity Gardens 0
BOTTOM OF THE 3RD
Amity Gardens Westerners batting - Pitching for Punta Cana Hutias : RHP Greg Woods
Batting: RHB Peng Shuai 0-0: Called Strike
0-1: Called Strike
0-2: Ball
1-2: Ball
2-2: SINGLE (Groundball, 5D)
Batting: RHB Pat Johnston 0-0: Ball
1-0: Ball
2-0: Ball
3-0: Base on Balls
Peng Shuai to second
Batting: LHB Jack Mitchell 0-0: Fielders Choice at 2nd, 6-4 (Groundball, 6)
Peng Shuai to third
Batting: SHB Chris Barrett 0-0: Ball
1-0: Ball
2-0: Foul Ball, location: 2F
2-1: Fly out, F8 (Flyball, 8RM)
Runner from 3rd tags up, SCORES, throw made
Batting: RHB Carlos Dumenigo 0-0: Ground out U3 (Groundball, 34)
Bottom of the 3rd over - 1 run, 1 hit, 0 errors, 1 left on base; Punta Cana 1 - Amity Gardens 1
TOP OF THE 4TH
Punta Cana Hutias batting - Pitching for Amity Gardens Westerners : RHP Raúl Letona
Batting: LHB Tony Ríos 0-0: Called Strike
0-1: Foul Ball, location: 2F
0-2: Ball
1-2: Ball
2-2: Ball
3-2: Strikes out swinging
Batting: LHB Don MacNeill 0-0: Called Strike
0-1: Fly out, F6 (Line Drive, 6M)
Batting: RHB Ricardo Murillo 0-0: Called Strike
0-1: Ball
1-1: Ball
2-1: Ground out 1-3 (Groundball, 13S)
Top of the 4th over - 0 runs, 0 hits, 0 errors, 0 left on base; Punta Cana 1 - Amity Gardens 1
BOTTOM OF THE 4TH
Amity Gardens Westerners batting - Pitching for Punta Cana Hutias : RHP Greg Woods
Batting: RHB Jonathon García 0-0: Ball
1-0: SINGLE (Line Drive, 34)
Batting: RHB Justin Tomlinson 0-0: Called Strike
0-1: Called Strike
0-2: Ball
Wild Pitch!
Jonathon García to second
1-2: Ground out 6-3 (Groundball, 6)
Batting: RHB Alfonso Flores 0-0: Foul Ball, location: 2F
0-1: Ball
1-1: Ground out U3 (Groundball, 34)
Jonathon García to third
Batting: RHB Jorge García 0-0: Ground out 5-3 (Groundball, 56S)
Bottom of the 4th over - 0 runs, 1 hit, 0 errors, 1 left on base; Punta Cana 1 - Amity Gardens 1
TOP OF THE 5TH
Punta Cana Hutias batting - Pitching for Amity Gardens Westerners : RHP Raúl Letona
Batting: RHB Alfredo Bernard 0-0: Ball
1-0: Ball
2-0: Ball
3-0: Called Strike
3-1: Called Strike
3-2: Ground out 5-3 (Groundball, 56)
Batting: LHB Jorge Ramírez 0-0: SINGLE (Groundball, 15S) (infield hit)
Batting: LHB Dave Watkins 0-0: Called Strike
0-1: Ball
1-1: Swinging Strike
1-2: Foul Ball, location: 2F
1-2: Ball
2-2: Ball
3-2: Foul Ball, location: 2F
3-2: Base on Balls
Jorge Ramírez to second
Batting: LHB Luis García 0-0: Ball
1-0: Called Strike
1-1: Swinging Strike
1-2: Grounds out, U3 (Groundball, 3L)
Jorge Ramírez to third
Batting: LHB Norberto Garza 0-0: Swinging Strike
0-1: Foul Ball, location: 2F
0-2: Strikes out swinging
Top of the 5th over - 0 runs, 1 hit, 0 errors, 2 left on base; Punta Cana 1 - Amity Gardens 1
BOTTOM OF THE 5TH
Amity Gardens Westerners batting - Pitching for Punta Cana Hutias : RHP Greg Woods
Batting: RHB Peng Shuai 0-0: Ground out 1-3 (Groundball, 13S)
Batting: RHB Pat Johnston 0-0: Ball
1-0: Ball
2-0: Ball
3-0: Base on Balls
Batting: LHB Jack Mitchell 0-0: Ball
1-0: Ball
Wild Pitch!
Pat Johnston to second
2-0: Foul Ball, location: 2F
2-1: Fly out, F8 (Flyball, 8RM)
Batting: SHB Chris Barrett 0-0: Ball
1-0: Ground out 6-3 (Groundball, 6)
Bottom of the 5th over - 0 runs, 0 hits, 0 errors, 1 left on base; Punta Cana 1 - Amity Gardens 1
TOP OF THE 6TH
Punta Cana Hutias batting - Pitching for Amity Gardens Westerners : RHP Raúl Letona
Batting: RHB Mike Martínez 0-0: Ball
1-0: Foul Ball, location: 2F
1-1: Foul Ball, location: 2F
1-2: Ground out 1-3 (Groundball, 13S)
Batting: LHB Tony Ríos 0-0: Ball
1-0: DOUBLE (Line Drive, 89D)
Batting: LHB Don MacNeill 0-0: Ball
1-0: Ball
2-0: Ball
3-0: Called Strike
3-1: Base on Balls
Batting: RHB Ricardo Murillo 0-0: Foul Ball, location: 2F
0-1: Swinging Strike
0-2: Foul Ball, location: 2F
0-2: Foul Ball, location: 2F
0-2: Ball
1-2: Ball
2-2: Foul Ball, location: 2F
2-2: Foul Ball, location: 2F
2-2: Fielders Choice at 2nd, 4-6 (Groundball, 4)
Tony Ríos to third
Batting: RHB Alfredo Bernard 0-0: Ball
1-0: Ball
2-0: Called Strike
2-1: Foul Ball, location: 2F
2-2: Foul Ball, location: 2F
2-2: Fly out, F8 (Flyball, 8RD)
Top of the 6th over - 0 runs, 1 hit, 0 errors, 2 left on base; Punta Cana 1 - Amity Gardens 1
BOTTOM OF THE 6TH
Amity Gardens Westerners batting - Pitching for Punta Cana Hutias : RHP Greg Woods
Batting: RHB Carlos Dumenigo 0-0: Ball
1-0: Fly out, F9 (Flyball, 89D)
Batting: RHB Jonathon García 0-0: Foul Ball, location: 2F
0-1: Foul Ball, location: 2F
0-2: Strikes out swinging
Batting: RHB Justin Tomlinson 0-0: Ball
1-0: Ball
2-0: Called Strike
2-1: Ball
3-1: Base on Balls
Batting: RHB Alfonso Flores 0-0: Foul Ball, location: 2F
0-1: Ball
1-1: Ground out 4-3 (Groundball, 4)
Bottom of the 6th over - 0 runs, 0 hits, 0 errors, 1 left on base; Punta Cana 1 - Amity Gardens 1
TOP OF THE 7TH
Punta Cana Hutias batting - Pitching for Amity Gardens Westerners : RHP Raúl Letona
Pitching: RHP Rafael Costello
Pinch Hitting: RHB Alfonso Huerta 0-0: Ball
1-0: Ball
2-0: Swinging Strike
2-1: Swinging Strike
2-2: Ball
3-2: Strikes out swinging
Batting: LHB Dave Watkins 0-0: Swinging Strike
0-1: Foul Ball, location: 2F
0-2: Foul Ball, location: 2F
0-2: Ball
1-2: Foul Ball, location: 2F
1-2: Foul Ball, location: 2F
1-2: Ball
2-2: Foul Ball, location: 2F
2-2: Ground out 3-1 (Groundball, 34S)
Batting: LHB Luis García 0-0: Called Strike
0-1: Ball
1-1: Fly out, F7 (Flyball, 7)
Top of the 7th over - 0 runs, 0 hits, 0 errors, 0 left on base; Punta Cana 1 - Amity Gardens 1
BOTTOM OF THE 7TH
Amity Gardens Westerners batting - Pitching for Punta Cana Hutias : RHP Greg Woods
Now in CF: Argaw Omitra
Pinch Hitting: RHB Xavier Silva 0-0: Foul Ball, location: 2F
0-1: Foul Ball, location: 2F
0-2: Hit by Pitch
Batting: RHB Peng Shuai 0-0: Sac Bunt - play at first, batter OUT! 1-4
Xavier Silva to second
Batting: RHB Pat Johnston 0-0: Ball
1-0: Foul Ball, location: 2F
1-1: SINGLE (Line Drive, 7LS)
Xavier Silva to third
Batting: LHB Jack Mitchell 0-0: Ball
1-0: Called Strike
1-1: Foul Ball, location: 2F
1-2: Ball
2-2: Ball
3-2: Fly out, F7 (Flyball, 7S)
Runner from 3rd tags up, SCORES, no throw
Batting: SHB Chris Barrett 0-0: Ball
Pat Johnston steals 2nd base
1-0: Foul Ball, location: 2F
1-1: Ball
2-1: Called Strike
2-2: Foul Ball, location: 2F
2-2: Foul Ball, location: 2F
2-2: Ground out 1-3 (Groundball, 13)
Bottom of the 7th over - 1 run, 1 hit, 0 errors, 1 left on base; Punta Cana 1 - Amity Gardens 2
TOP OF THE 8TH
Punta Cana Hutias batting - Pitching for Amity Gardens Westerners : RHP Rafael Costello
Now at SS: Xavier Silva
Now in LF: William Ewing
Now in RF: Josh Bergman
Batting: LHB Norberto Garza 0-0: SINGLE (Line Drive, 6D)
Batting: RHB Mike Martínez 0-0: Swinging Strike
0-1: Ball
1-1: Ball
2-1: Foul Ball, location: 2F
2-2: Ball
3-2: SINGLE (Groundball, 6MD)
Norberto Garza to second
Batting: LHB Tony Ríos 0-0: Ball
1-0: Ball
2-0: Ball
3-0: Base on Balls
Norberto Garza to third
Mike Martínez to second
Batting: LHB Don MacNeill 0-0: Called Strike
0-1: Ball
1-1: Swinging Strike
1-2: Fly out, F8 (Flyball, 8LD)
Runner from 3rd tags up, OUT at HOME
Mike Martínez to third
Tony Ríos to second
Batting: RHB Ricardo Murillo 0-0: Ball
1-0: Ball
2-0: Called Strike
2-1: Ball
3-1: Foul Ball, location: 2F
3-2: Base on Balls
Pinch Hitting: RHB José Matos 0-0: GRAND SLAM HOME RUN (Flyball, 7D), Distance : 393 ft
Pitching: RHP Franklin Booth
Batting: RHB Argaw Omitra 0-0: SINGLE (Line Drive, 7S)
Batting: LHB Dave Watkins 0-0: Called Strike
0-1: Ball
1-1: Swinging Strike
1-2: Foul Ball, location: 2F
1-2: Foul Ball, location: 2F
1-2: Strikes out swinging
Top of the 8th over - 4 runs, 4 hits, 0 errors, 1 left on base; Punta Cana 5 - Amity Gardens 2
BOTTOM OF THE 8TH
Amity Gardens Westerners batting - Pitching for Punta Cana Hutias : RHP Greg Woods
Pitching: LHP Arthur Warren
Now at 2B: Luis Chávez
Batting: RHB Carlos Dumenigo 0-0: Ball
1-0: Ball
2-0: Foul Ball, location: 2F
2-1: Ball
3-1: Fly out, F8 (Flyball, 89M)
Batting: RHB Jonathon García 0-0: Ball
1-0: Foul Ball, location: 2F
1-1: Ball
2-1: SOLO HOME RUN (Flyball, 9D), Distance : 373 ft
Batting: RHB Justin Tomlinson 0-0: Foul Ball, location: 2F
0-1: Ground out 5-3 (Groundball, 56)
Batting: RHB Alfonso Flores 0-0: Ground out 5-3 (Groundball, 5)
Bottom of the 8th over - 1 run, 1 hit, 0 errors, 0 left on base; Punta Cana 5 - Amity Gardens 3
TOP OF THE 9TH
Punta Cana Hutias batting - Pitching for Amity Gardens Westerners : RHP Franklin Booth
Batting: LHB Luis García 0-0: Called Strike
0-1: Called Strike
0-2: Ball
1-2: Foul Ball, location: 2F
1-2: Strikes out looking
Batting: LHB Norberto Garza 0-0: Ball
1-0: Called Strike
1-1: Foul Ball, location: 2F
1-2: Foul Ball, location: 2F
1-2: Fly out, F9 (Flyball, 89D)
Batting: RHB Mike Martínez 0-0: Swinging Strike
0-1: Fly out, F8 (Flyball, 8RM)
Top of the 9th over - 0 runs, 0 hits, 0 errors, 0 left on base; Punta Cana 5 - Amity Gardens 3
BOTTOM OF THE 9TH
Amity Gardens Westerners batting - Pitching for Punta Cana Hutias : LHP Arthur Warren
Pitching: RHP Andrew Shannon
Now at C: Juan Alaniz
Batting: RHB Xavier Silva 0-0: Foul Ball, location: 2F
0-1: Ball
1-1: Foul Ball, location: 2F
1-2: Ball
2-2: Strikes out looking
Batting: RHB Josh Bergman 0-0: Ball
1-0: Foul Ball, location: 2F
1-1: Fly out, F3 (Popup, 3)
Batting: RHB Pat Johnston 0-0: Called Strike
0-1: Foul Ball, location: 2F
0-2: Ball
1-2: Ball
2-2: Ball
3-2: Fly out, F8 (Flyball, 8LM)
Bottom of the 9th over - 0 runs, 0 hits, 0 errors, 0 left on base; Punta Cana 5 - Amity Gardens 3
Saturday, December 16th, 2017 - OOTP Baseball 18.8 Build 76